 Dungeon Crawl Stone Soup version 0.31-a0-819-gf6de2f5ab6 (webtiles) character file.

Game seed: 1332537755207583500

10588 Kurtz the Cleaver (level 11, -17/80 HPs)
             Began as an Octopode Fighter on Sept 23, 2023.
             Was an Initiate of Gozag.
             Shot with a bolt by a yaktaur (29 damage)
             ... on level 10 of the Dungeon.
             The game lasted 00:20:39 (9318 turns).

Kurtz the Cleaver (Octopode Fighter)                Turns: 9318, Time: 00:20:39

Health: -17/80     AC:  2    Str: 15    XL:     11   Next: 64%
Magic:  20/20      EV: 16    Int: 11    God:    Gozag
Gold:   401        SH:  5    Dex: 16    Spells: 10/10 levels left

rFire   . . .        L - +1 war axe (flame)
rCold   . . .        b - +0 buckler
rNeg    . . .        M - +1 hat {Stlth+}
rPois   .            D - amulet of regeneration
rElec   .            d - +4 ring of slaying
rCorr   .            m - ring of magical power
SInv    .            (no ring)
Will    .....        (no ring)
Stlth   +++          (no ring)
HPRegen 1.13/turn    (no ring)
MPRegen 0.17/turn    (no ring)
                     (no ring)

%: no passive effects
@: no status effects
A: almost no armour, amphibious, 8 rings, camouflage 1, gelatinous body 1,
(nimble swimmer 1), tentacles
a: Renounce Religion, Potion Petition, Call Merchant, Bribe Branch


You were on level 10 of the Dungeon.
You worshipped Gozag.
Gozag was aware of your devotion.
You visited 2 branches of the dungeon, and saw 11 of its levels.
You also visited: Ossuary.

You collected 1494 gold pieces.
You paid 1093 gold pieces to Gozag.

Inventory:

Hand Weapons
 a - a +0 war axe
 E - a +1 heavy flail
 L - a +1 war axe of flaming (weapon)
 O - a +2 trident of draining
Missiles
 B - 4 boomerangs
 G - 2 poisoned darts
Armour
 b - a +0 buckler (worn)
 M - a +1 hat of stealth (worn)
Jewellery
 d - a +4 ring of slaying (left tentacle)
 m - a ring of magical power (right tentacle)
 o - an amulet of guardian spirit
 D - an amulet of regeneration (around mantle)
 F - a ring of protection from cold
Wands
 i - a wand of quicksilver (3)
 A - a wand of flame (8)
 H - a wand of iceblast (4)
 K - a wand of digging (6)
 N - a wand of mindburst (9)
Scrolls
 g - 2 scrolls of fear
 h - 3 scrolls of teleportation {unknown}
 q - 6 scrolls of poison {unknown}
 r - a scroll of enchant armour {unknown}
 t - 3 scrolls of immolation {unknown}
 u - 3 scrolls of brand weapon {unknown}
 w - a scroll of blinking {unknown}
 y - a scroll of amnesia {unknown}
 I - 2 scrolls of enchant weapon {unknown}
 J - a scroll of vulnerability {unknown}
Potions
 e - 4 potions of mutation
 f - 2 potions of curing
 j - 2 potions of attraction
 k - 2 potions of magic
 l - a potion of brilliance
 n - 2 potions of lignification
 p - 2 potions of resistance {unknown}
 s - a potion of haste {unknown}
 v - 3 potions of heal wounds {unknown}
 x - 2 potions of enlightenment {unknown}
 z - a potion of ambrosia {unknown}


   Skills:
 * Level 9.3 Fighting
 * Level 13.7 Axes
 * Level 7.4 Dodging
 * Level 5.0 Shields


You had 10 spell levels left.
You didn't know any spells.
Your spell library contained the following spells:

 Spells                   Type           Power      Damage    Failure   Level
 Sting                    Tmut/Pois      0%         1d3       41%         1
 Summon Small Mammal      Summ           0%         N/A       41%         1
 Cigotuvi's Dreadful Rot  Necr/Pois/Air  0%         N/A       56%         2
 Poisonous Vapours        Pois/Air       0%         N/A       56%         2
 Call Canine Familiar     Summ           0%         N/A       80%         3
 Gell's Gravitas          Tloc           0%         N/A       80%         3
 Ignite Poison            Fire/Tmut/Pois 0%         N/A       80%         3
 Summon Guardian Golem    Hex/Summ       0%         N/A       80%         3
 Teleport Other           Tloc           0%         N/A       80%         3
 Olgreb's Toxic Radiance  Pois           0%         N/A       99%         4
 Sticky Flame             Conj/Fire      0%         2d3       99%         4
 Freezing Cloud           Conj/Ice/Air   0%         6-21      100%        5
 Dispersal                Tloc           0%         N/A       100%        6
 Ignition                 Fire           0%         3d3       100%        8


Dungeon Overview and Level Annotations

Branches:
Dungeon (10/15)            Temple (1/1) D:7            Lair (0/5) D:10
Ossuary (visited)
    Orc: D:9-12

Altars:
Ashenzari
Cheibriados
Dithmenos
Elyvilon
Fedhas
Gozag
Hepliaklqana
Kikubaaqudgha
Makhleb
Nemelex Xobeh
Okawaru
Qazlal
Ru
Sif Muna
Trog
Uskayaw
Vehumet
Wu Jian
Xom
Yredelemnul
Zin
The Shining One

Shops:
D:1 [


Innate Abilities, Weirdness & Mutations

You cannot wear most types of armour.
You are amphibious.
You can wear up to eight rings at the same time.
Your skin changes colour to match your surroundings (Stealth+).
Your rubbery body absorbs attacks. (AC +1, EV +1)
((You are camouflaged when in or above water. (Stealth+)))
You have tentacles for arms and can constrict up to eight enemies at once.


Message History

HP restored.
You climb downwards.
The yaktaur shoots a bolt.
You block the bolt.
The yaktaur shoots a bolt.
The bolt closely misses you.
There is a stone staircase leading up, spattered with blood here.
Unknown command.
The yaktaur shoots a bolt.
The bolt hits you!
You climb upwards.
There is a stone staircase leading down here.
You start resting.
HP restored.
You climb downwards.
The yaktaur shoots a bolt.
You block the bolt.
There is a stone staircase leading up, spattered with blood here.
Unknown command.
The yaktaur shoots a bolt.
The bolt hits you!!
The yaktaur shoots a bolt.
The bolt barely misses you.
You climb upwards.
There is a stone staircase leading down here.
Unknown command.
You start resting.
HP restored.
You climb downwards.
The yaktaur shoots a bolt.
The bolt barely misses you.
The yaktaur shoots a bolt.
The bolt barely misses you.
There is a stone staircase leading up, spattered with blood here.
Unknown command.
The yaktaur shoots a bolt.
The bolt hits you!
The yaktaur shoots a bolt.
The bolt hits you!
You climb upwards.
There is a stone staircase leading down here.
You start resting.
HP restored.
You climb downwards.
The yaktaur shoots a bolt.
The bolt hits you!!
The yaktaur shoots a bolt.
The bolt hits you!!
The yaktaur shoots a bolt.
The bolt hits you!!
* * * LOW HITPOINT WARNING * * *
There is a stone staircase leading up, spattered with blood here.
Unknown command.
The yaktaur shoots a bolt.
You block the bolt.
The yaktaur shoots a bolt.
The bolt hits you!!
You die...
Your body crumbles into a pile of gold.

#..................#......#.###.#
#...........c......###....#.....#
.ce.........[########....#.....#
#.........#.#...........#.###.#
#.........#.#...........#.# #.#
#.........#)..c.........#.###.#
#.........#)#...........#.....#
#........=#.#.....##...##.....#
###$.(.######.#.@...##...#......#
.............$#..........#......#
#####.$.......#..........#......#
######........#..........#.###..#
..............#########..#......#
....############......#..##.....#
#...# #......#...#.###.# ....+
#.#....#...#.....# ....#
#.#....#...'))...#


You could see 2 yaktaurs.

Vanquished Creatures
  Gastronok (D:9)
  A centaur warrior (D:10)
  A death yak (D:10)
  3 centaur zombies (D:10)
  Jeremiah (D:7)
  An unseen horror zombie (D:10)
  2 trolls
  2 wraiths (D:10)
  A hog (shapeshifter) (D:9)
  A shadow (D:10)
  2 vampires (D:10)
  A wyvern (D:9)
  11 yaks
  Edmund (D:5)
  2 acid dragons
  2 water moccasins
  2 orc warriors
  A black bear (D:7)
  2 ogres
  A centaur (D:9)
  5 bullfrogs
  2 gnoll sergeants
  A scorpion (D:5)
  9 wights (D:7)
  12 killer bees (D:9)
  8 howler monkeys
  4 hounds
  2 orc priests
  4 jellies
  Jessica (D:3)
  An iguana (D:7)
  Terence (D:2)
  9 orc wizards
  8 mummies (Ossuary)
  16 gnolls
  6 adders
  3 white imps
  2 ufetubi (D:5)
  4 worms
  3 dart slugs
  24 orcs
  5 endoplasms
  2 giant cockroaches
  6 hobgoblins
  5 jackals
  5 kobolds
  4 quokkas
  5 ball pythons
  7 bats
  2 frilled lizards
  A gnoll zombie (Ossuary)
  10 goblins
  2 hobgoblin zombies (Ossuary)
  5 orc zombies (Ossuary)
  4 rats
227 creatures vanquished.

Notes
Turn   | Place    | Note
-------+----------+-------------------------------------------
     0 | D:1      | Kurtz the Octopode Fighter began the quest for the Orb.
     0 | D:1      | Reached XP level 1. HP: 16/16 MP: 1/1
   159 | D:1      | Reached XP level 2. HP: 19/21 MP: 2/2
   264 | D:1      | Reached skill level 3 in Axes
   283 | D:1      | Found Raefuiw's Armour Boutique.
   730 | D:2      | Reached XP level 3. HP: 23/26 MP: 3/3
   854 | D:2      | Reached skill level 4 in Axes
  1116 | D:2      | Noticed Terence
  1124 | D:2      | Killed Terence
  1125 | D:2      | Reached XP level 4. HP: 14/31 MP: 4/4
  1336 | D:3      | Found a sparkling altar of Nemelex Xobeh.
  1374 | D:3      | Found a sacrificial altar of Ru.
  1416 | D:3      | Reached skill level 5 in Axes
  1416 | D:3      | Reached XP level 5. HP: 34/36 MP: 5/5
  1523 | D:3      | Found a shimmering altar of Xom.
  1540 | D:3      | Found a broken altar of Ashenzari.
  1585 | D:3      | Found a stormy altar of Qazlal.
  1770 | D:3      | Noticed Jessica
  1772 | D:3      | Killed Jessica
  2029 | D:5      | Entered Level 5 of the Dungeon
  2125 | D:4      | Found a sand-covered staircase.
  2131 | Ossuary  | Entered an ossuary
  2184 | Ossuary  | Reached skill level 6 in Axes
  2184 | Ossuary  | Reached XP level 6. HP: 34/42 MP: 6/6
  2569 | D:4      | Found a radiant altar of Vehumet.
  2660 | D:4      | Found a snail-covered altar of Cheibriados.
  3029 | D:5      | Reached skill level 7 in Axes
  3126 | D:5      | Reached XP level 7. HP: 46/46 MP: 7/7
  3330 | D:5      | Noticed Edmund
  3471 | D:5      | Reached skill level 8 in Axes
  3635 | D:5      | Killed Edmund
  3898 | D:6      | Reached skill level 9 in Axes
  3898 | D:6      | Reached XP level 8. HP: 47/52 MP: 8/8
  4650 | D:7      | Found a staircase to the Ecumenical Temple.
  4682 | D:7      | Reached skill level 10 in Axes
  4710 | D:7      | Noticed Jeremiah
  4888 | Temple   | Entered the Ecumenical Temple
  4922 | Temple   | Became a worshipper of Gozag Ym Sagoz the Greedy
  5071 | D:7      | Reached skill level 11 in Axes
  5100 | D:7      | Reached XP level 9. HP: 54/57 MP: 9/9
  5710 | D:8      | Reached skill level 12 in Axes
  6122 | D:8      | Reached skill level 5 in Fighting
  6132 | D:8      | Reached XP level 10. HP: 58/66 MP: 10/10
  6232 | D:8      | Found a shadowy altar of Dithmenos.
  6342 | D:9      | Reached skill level 13 in Axes
  6619 | D:9      | Reached skill level 5 in Dodging
  6701 | D:9      | Noticed Gastronok
  6714 | D:9      | Found a glowing silver altar of Zin.
  6805 | D:10     | Entered Level 10 of the Dungeon
  6846 | D:10     | Noticed a centaur warrior
  6869 | D:10     | Noticed a death yak
  6870 | D:10     | Found a staircase to the Lair.
  6870 | D:10     | Noticed a death yak
  6989 | D:9      | Killed Gastronok
  7145 | D:9      | Found a glowing golden altar of the Shining One.
  7190 | D:9      | Reached XP level 11. HP: 73/77 MP: 11/11
  7907 | D:7      | Killed Jeremiah
  8042 | D:10     | Killed a death yak
  8622 | D:10     | Identified the +6 quarterstaff "Ymak" {antimagic, Int+3}
  8628 | D:10     | Noticed a red ugly thing
  8847 | D:10     | Killed a centaur warrior
  8848 | D:10     | Reached skill level 5 in Shields
  9129 | D:10     | Noticed a deep elf pyromancer
  9318 | D:10     | Shot with a bolt by a yaktaur

Illustrated notes

Levels and vault maps discovered:
D:1:      eino_arrival_cavern_b, layout_basic, serial_shops,
          nicolae_shop_hallway_plus
D:2:      layout_rooms, uniq_terence
D:3:      layout_loops_ring, nicolae_qazlal_general_emergency,
          nicolae_ru_great_annihilating_truth,
          mainiacjoe_overflow_large_starburst, nemelex_dance_club_becter,
          uniq_jessica
D:4:      layout_loops_cross, vehumet_altar_wand_db,
          mainiacjoe_overflow_concentric_impassable, nicolae_ossuary_entry_plus,
          nicolae_wormholes
D:5:      layout_basic, uniq_edmund
D:6:      layout_loops_ring
D:7:      layout_loops_corners, minmay_temple_entry_hall,
          kennysheep_generic_room_10, uniq_jeremiah
D:8:      layout_rooms, lemuel_coloured_pillars_altar, amcnicky_mini_pool_small
D:9:      layout_roguey, zin_academy, tso_oasis_becter, uniq_gastronok
D:10:     minmay_cut_squares, layout_stronghold, dpeg_lair_monsters,
          orc_0_dummy, serial_undead, serial_undead_f, serial_undead_d,
          serial_undead_e, serial_undead_d
Temple:   nicolae_temple_ecumenical_triangle

Skill      XL: |  1  2  3  4  5  6  7  8  9 10 11 |
---------------+----------------------------------+-----
Axes           | 3 4 5 6 7 9 11 12 13 | 13.7
Fighting       | 5 7 9 |  9.3
Dodging        | 4 6 7 |  7.4
Shields        | 4 5 |  5.0

Action                     |  1- 3 |  4- 6 |  7- 9 | 10-12 || total
---------------------------+-------+-------+-------+-------++-------
  Melee: War axe           |    53 |    83 |   153 |   188 ||   477
         Constrict         |    11 |    26 |    36 |    28 ||   101
         Tentacles         |     7 |    14 |    48 |    42 ||   111
         Punch             |       |     1 |     4 |     2 ||     7
         Flail             |       |       |       |     8 ||     8
  Throw: Dart              |       |       |    10 |    13 ||    23
         Throwing net      |       |       |     3 |       ||     3
 Invoke: Potion Petition   |       |       |       |     3 ||     3
  Evoke: Wand              |       |       |    14 |    10 ||    24
    Use: Potion            |       |     1 |     1 |     3 ||     5
         Scroll            |       |       |       |     7 ||     7
   Stab: Sleeping          |       |     7 |     3 |     4 ||    14
         Distracted        |       |       |     1 |     3 ||     4
         Invisible         |       |       |       |     3 ||     3
 Armour: Skin              |    28 |    28 |    73 |   143 ||   272
  Dodge: Dodged            |    25 |    31 |    61 |   112 ||   229
  Block: Buckler           |    11 |     6 |    39 |    54 ||   110

Table legend: (Time is in decaauts)
 A = Elapsed time spent in this place.
 B = Non-inter-level travel time spent in this place.
 C = Inter-level travel time spent in this place.
 D = Time resting spent in this place.
 E = Time spent auto-exploring this place.
 F = Levels seen in this place.
 G = Mean time per level.
                   A        B        C        D        E       F      G
               +--------+--------+--------+--------+--------+-----+--------+
         Total |   9379 |   8743 |    636 |   1431 |   5016 |  12 |  781.6 |
       Dungeon |   9059 |   8434 |    625 |   1396 |   4889 |  10 |  905.9 |
        Temple |     65 |     55 |     10 |     15 |      0 |   1 |   65.0 |
       Ossuary |    255 |    255 |      0 |     20 |    127 |   1 |  255.0 |
               +--------+--------+--------+--------+--------+-----+--------+

Top non-repeatable levels by time:
     D:9: 1421 daAuts
     D:7: 1396 daAuts
    D:10: 1015 daAuts
     D:5: 890 daAuts
     D:4: 845 daAuts
     D:8: 798 daAuts
     D:6: 731 daAuts
     D:1: 716 daAuts
     D:3: 654 daAuts
     D:2: 591 daAuts
 Ossuary: 255 daAuts
  Temple: 65 daAuts
